 Dungeon Crawl Stone Soup version 0.30.1-11-g7821555f0a (webtiles) character file.

Game seed: 9357658030242593866

855 Okkudo the Cleaver (level 8, -2/68 HPs)
             Began as a Hill Orc Monk on Nov 30, 2023.
             Was a Believer of Beogh.
             Killed by divine providence
             ... invoked by an orc priest
              (17 damage)
             ... on level 5 of the Dungeon.
             The game lasted 00:14:55 (4953 turns).

Okkudo the Cleaver (Hill Orc Monk)                  Turns: 4953, Time: 00:14:55

Health: -2/68      AC:  9    Str: 16    XL:     8   Next: 1%
Magic:  8/8        EV:  6    Int: 10    God:    Beogh [**....]
Gold:   159        SH:  8    Dex: 13    Spells: 7/7 levels left

rFire   . . .        a - +0 hand axe (heavy)
rCold   + . .        q - +0 kite shield
rNeg    . . .        e - +0 chain mail
rPois   .            (no helmet)
rElec   .            (no cloak)
rCorr   .            (no gloves)
SInv    .            (no boots)
Will    .....        x - amulet of the acrobat Stlth
                     g - ring of protection from cold
HPRegen 0.31/turn    (no ring)
MPRegen 0.11/turn

%: acrobat
@: no status effects
A: no striking features
a: Renounce Religion, Smiting


You were on level 5 of the Dungeon.
You worshipped Beogh.
Beogh was pleased with you.
You visited 1 branch of the dungeon, and saw 5 of its levels.

You collected 204 gold pieces.
You spent 45 gold pieces at shops.

Inventory:

Hand Weapons
 a - a +0 heavy hand axe (weapon)
Missiles
 n - 10 poisoned darts (quivered)
Armour
 e - a +0 chain mail (worn)
 q - a +0 kite shield (worn)
Jewellery
 g - a ring of protection from cold (left hand)
 x - an amulet of the acrobat (around neck)
Wands
 u - a wand of light (6)
 v - a wand of roots (8)
 A - a wand of flame (22)
Scrolls
 d - a scroll of blinking
 f - 2 scrolls of amnesia
 h - a scroll of enchant weapon
 j - 2 scrolls of vulnerability
 o - a scroll of brand weapon
 p - 2 scrolls of teleportation
 t - a scroll of enchant armour
 y - 2 scrolls of poison {unknown}
Potions
 b - a potion of invisibility {unknown}
 c - 2 potions of ambrosia
 i - 2 potions of flight {unknown}
 k - a potion of lignification {unknown}
 l - 7 potions of curing {unknown}
 r - 2 potions of degeneration {unknown}
 s - 2 potions of might {unknown}
 z - a potion of haste {unknown}
 B - 2 potions of attraction {unknown}
 C - a potion of magic {unknown}


   Skills:
 + Level 5.2 Fighting
 * Level 8.5 Axes
 + Level 3.5 Armour
 - Level 3.4 Dodging
 + Level 3.4 Shields
 + Level 0.5 Invocations


You had 7 spell levels left.
You didn't know any spells.
Your spell library contained the following spells:

 Spells                   Type           Power      Damage    Failure   Level
 Magic Dart               Conj           0%         1d3       100%        1
 Blink                    Tloc           0%         N/A       100%        2
 Call Imp                 Summ           0%         N/A       100%        2
 Mephitic Cloud           Conj/Pois/Air  0%         N/A       100%        3
 Manifold Assault         Tloc           0%         N/A       100%        4
 Storm Form               Tmut/Air       0%         N/A       100%        7


Dungeon Overview and Level Annotations

Branches:
Dungeon (5/15)
 Temple: D:4-7

Altars:
Trog

Shops:
D:2 [

Annotations:
D:4 exclusion: electric eel


Message History

The orc wizard attacks as you move away!
You block the orc wizard's attack.
The orc priest mumbles some strange prayers to Beogh against you.
Beogh smites you!
You completely miss the orc priest.
The orc priest hits you but does no damage.
You barely miss the orc priest.
The orc priest looks encouraged for a moment.
You hit the orc priest.
The orc priest is moderately wounded.
You hit the orc wizard.
The orc priest looks satisfied for a moment.
The orc priest hits you but does no damage.
The orc wizard gestures wildly while chanting.
The orc wizard flickers and vanishes!
Deactivating autopickup; reactivate with Ctrl-A.
You slash something! Beogh accepts your kill.
Reactivating autopickup.
You feel a bit more experienced.
You slash the orc priest!
The orc priest hits you but does no damage.
You hit the orc priest but do no damage.
The orc priest is almost dead.
The orc priest barely misses you.
The orc priest calls down the wrath of Beogh upon you.
Beogh smites you!
* * * LOW HITPOINT WARNING * * *
You slash the orc priest!
You kill the orc priest!
Beogh accepts your kill.
Beogh appreciates your killing of a heretic priest.
You have reached level 8!
You closely miss the orc priest. You block the orc priest's attack.
The orc priest hits you with a +0 club.
* * * LOW HITPOINT WARNING * * *
You barely miss the orc priest.
The orc priest mumbles some strange prayers to Beogh against you.
Beogh smites you!
You die...
Beogh appreciates the orc priest's killing of a heretic priest.

#+#######.#
..........#
..........#
..........#
..........######
................
.....o..........
#...####o.#####
# #..@).#
#.##.## .. #.#
## #.#
#.#########
#.........#
###.......####
#..........#
#........#####


You could see an orc priest.

Vanquished Creatures
  A water moccasin (D:5)
  An ogre (D:4)
  A kobold brigand (D:4)
  3 electric eels (D:4)
  4 orc priests
  4 jellies (D:4)
  A sleepcap (D:5)
  Natasha (thrice) (D:2)
  An orc wizard (D:5)
  2 adders (D:2)
  3 gnolls (D:2)
  2 worms
  2 dart slugs (D:1)
  3 orcs
  2 ball pythons
  5 bats
  8 endoplasms
  A giant cockroach (D:1)
  7 hobgoblins
  4 jackals (D:3)
  5 quokkas
  6 frilled lizards
  5 goblins
  8 kobolds
  3 rats
85 creatures vanquished.

Notes
Turn   | Place    | Note
-------+----------+-------------------------------------------
     0 | D:1      | Okkudo the Hill Orc Monk began the quest for the Orb.
     0 | D:1      | Reached XP level 1. HP: 19/19 MP: 1/1
   306 | D:1      | Reached XP level 2. HP: 23/27 MP: 2/2
   774 | D:1      | Found a faded altar of an unknown god.
   901 | D:2      | Noticed Natasha
   914 | D:2      | Killed Natasha
   915 | D:2      | Reached XP level 3. HP: 14/34 MP: 3/3
  1036 | D:2      | Reached XP level 4. HP: 41/41 MP: 4/4
  1062 | D:2      | Noticed Natasha
  1074 | D:2      | Killed Natasha
  1075 | D:2      | Reached skill level 5 in Axes
  1173 | D:2      | Noticed Natasha
  1193 | D:2      | Killed Natasha
  1194 | D:2      | Reached XP level 5. HP: 23/47 MP: 5/5
  1418 | D:2      | Reached skill level 5 in Fighting
  1585 | D:2      | Became a worshipper of Beogh the Brigand
  1585 | D:2      | Reached * piety under Beogh
  1585 | D:2      | Reached ** piety under Beogh
  1718 | D:2      | Found Deseygagg's Armour Boutique.
  1732 | D:2      | Bought a +0 kite shield for 45 gold pieces
  2208 | D:3      | Found a bloodstained altar of Trog.
  2768 | D:4      | Reached skill level 6 in Axes
  2768 | D:4      | Reached skill level 1 in Armour
  2768 | D:4      | Reached skill level 1 in Shields
  2768 | D:4      | Reached XP level 6. HP: 38/56 MP: 6/6
  2876 | D:4      | Found a transporter.
  2890 | D:4      | Found a transporter.
  3581 | D:4      | Reached skill level 7 in Axes
  3581 | D:4      | Reached XP level 7. HP: 46/61 MP: 7/7
  4542 | D:5      | Entered Level 5 of the Dungeon
  4559 | D:5      | Reached skill level 8 in Axes
  4952 | D:5      | Reached XP level 8. HP: 17/68 MP: 8/8
  4953 | D:5      | Killed from afar by an orc priest

Illustrated notes

Levels and vault maps discovered:
D:1:      dpeg_arrival_chambers_temple_mockup, layout_loops_ring,
          hellmonk_ecumenical_altar_heavens_door, kennysheep_boxes
D:2:      layout_basic, serial_shops, shop, uniq_natasha
D:3:      layout_basic, trog_three_pillars_becter
D:4:      gammafunk_steamed_eel, layout_loops_corners, minivault_19
D:5:      layout_basic, lemuel_round_altar, minitemple

Skill      XL: |  1  2  3  4  5  6  7 |
---------------+----------------------+-----
Fighting       | 4 5 |  5.2
Dodging        | 3 |  3.4
Axes           | 5 6 7 8 |  8.5
Armour         | 1 2 3 |  3.5
Shields        | 1 2 3 |  3.4
Invocations    | |  0.5

Action                     |  1- 3 |  4- 6 |  7- 9 || total
---------------------------+-------+-------+-------++-------
  Melee: Hand axe          |    86 |   136 |    59 ||   281
  Throw: Dart              |       |       |     8 ||     8
 Invoke: Convert to Beogh  |       |     1 |       ||     1
  Evoke: Wand              |       |     3 |       ||     3
    Use: Scroll            |       |     2 |     7 ||     9
 Armour: Chain mail        |    46 |    74 |    23 ||   143
  Dodge: Dodged            |    24 |    62 |    20 ||   106
  Block: Kite shield       |       |    34 |    21 ||    55
